 Dungeon Crawl Stone Soup version 0.21.1-1-g345015f (webtiles) character file.

44 inc the Conjurer (level 3, -2/21 HPs)
             Began as an Octopode Wizard on Apr 28, 2018.
             Slain by a gnoll
             ... wielding a +0 spear
              (3 damage)
             ... on level 2 of the Dungeon.
             The game lasted 00:03:12 (1588 turns).

inc the Conjurer (Octopode Wizard)                  Turns: 1588, Time: 00:03:12

Health: -2/21      AC:  1    Str:  6    XL:     3   Next: 60%
Magic:  16/16      EV: 13    Int: 21    God:
Gold:   80         SH:  0    Dex: 10    Spells: 7/8 levels left

rFire    . . .     SeeInvis .   (no weapon)
rCold    . . .     Gourm    .   (no shield)
rNeg     . . .     Faith    .   a - +0 hat
rPois    .         Spirit   .   (no amulet)
rElec    .         Reflect  .   k - ring of magical power
rCorr    .         Harm     .   (no ring)
MR       .....                  (no ring)
Stlth    +++.......             (no ring)
HPRegen  0.07/turn              (no ring)
MPRegen  0.15/turn              (no ring)
                                (no ring)
                                (no ring)

@: no status effects
A: almost no armour, stealthy swim, amphibious, 8 rings, constrict 8, camouflage
1, gelatinous body 1
a: no special abilities


You were on level 2 of the Dungeon.
You were near starving.

You visited 1 branch of the dungeon, and saw 2 of its levels.

You collected 80 gold pieces.

Inventory:

Armour
 a - a +0 hat (worn)
Jewellery
 k - a ring of magical power (left tentacle)
Scrolls
 d - a scroll of fear {unknown}
 f - a scroll of enchant weapon {unknown}
 g - a scroll of random uselessness {unknown}
 i - a scroll of teleportation {unknown}
 j - 3 scrolls of remove curse {unknown}
Potions
 e - 2 potions of curing {unknown}
 h - 2 potions of heal wounds {unknown}
Books
 b - a book of Minor Magic

   Spells                             Type                      Level
   a - Magic Dart                     Conjuration                  1
   b - Blink                          Translocation                2
   c - Call Imp                       Summoning                    2
   d - Slow                           Hexes                        2
   e - Conjure Flame                  Conjuration/Fire             3
   f - Mephitic Cloud                 Conjuration/Poison/Air       3
Comestibles
 c - 2 rations


   Skills:
 - Level 2.0 Dodging
 - Level 2.6 Stealth
 - Level 3.0 Spellcasting
 + Level 3.4 Conjurations
   Level 1.0 Summonings
   Level 1.0 Translocations


You had 7 spell levels left.
You knew the following spells:

 Your Spells              Type           Power        Failure   Level  Hunger
a - Magic Dart            Conj           ###.         3%          1    None


Dungeon Overview and Level Annotations

Branches:
Dungeon (2/15)

Altars:

Annotations:
D:2 Terence


Innate Abilities, Weirdness & Mutations

You cannot wear most types of armour.
You are very stealthy in the water. (Stealth+)
You are amphibious.
You can wear up to eight rings at the same time.
You can use your tentacles to constrict eight enemies at once.
Your skin changes colour to match your surroundings (Stealth+).
Your rubbery body absorbs attacks. (AC +1, EV +1)


Message History

You see here a leather armour.
You are near starving!
Key pressed, stopping explore.
You now have 80 gold pieces (gained 11).
Done exploring.
Done exploring.
Done exploring.
(D) Dungeon
Where to? (? - help)
There is a stone staircase leading down here.
You climb downwards.
Level annotation: Terence The gnoll hits you with a spear! x2
* * * LOW HITPOINT WARNING * * *
There is a stone staircase leading up here.
The gnoll hits you with a spear.
* * * LOW HITPOINT WARNING * * *
Unknown command.
The gnoll hits you from afar with a spear.
You die...

........# .....#
........# ....+
........## ....###
.....g..'. .....
........# #... ........#
#..# ...†##### #.g#
....# #<.## ...g## ##@.#
.....## ##.# ....g.#
#.## #####.#
#######..### #.#.#.#
#.....÷....#
#..().#####..........#
#.#)#................#
#####..................?
........................


You could see a gnoll.

Vanquished Creatures
  An adder (D:2)
  2 oozes
  A dart slug (D:1)
  A leopard gecko (D:2)
  2 giant cockroaches
  2 goblins (D:1)
  3 hobgoblins
  5 bats
  A frilled lizard (D:1)
  3 kobolds (D:1)
  3 rats
24 creatures vanquished.

Notes
Turn   | Place    | Note
-------+----------+-------------------------------------------
     0 | D:1      | inc the Octopode Wizard began the quest for the Orb.
     0 | D:1      | Reached XP level 1. HP: 11/11 MP: 4/4
   452 | D:1      | Reached XP level 2. HP: 14/17 MP: 6/6
   821 | D:1      | You fall through a shaft!
   842 | D:2      | Reached XP level 3. HP: 21/21 MP: 1/7
  1018 | D:2      | Noticed Terence
  1040 | D:2      | Noticed a gnoll sergeant
  1587 | D:2      | HP: 1/21 [gnoll/spear (3)]
  1588 | D:2      | Slain by a gnoll

Skill      XL: |  1  2 |
---------------+-------+-----
Conjurations   | 2 3 |  3.4
Dodging        | |  2.0
Stealth        | |  2.6
Spellcasting   | |  3.0
Summonings     | |  1.0
Translocations | |  1.0

Action                   || total
-------------------------++-------
Melee: Unarmed           ||    47
       Constrict         ||    11
       Tentacles         ||     8
 Cast: Magic Dart        ||    34
 Stab: Sleeping          ||     2
Armor: Skin              ||     8
Dodge: Dodged            ||    41
